 Dungeon Crawl Stone Soup version 0.18.1-50-g88ac8fd (webtiles) character file.

2093 ri73 the Covered (level 9, -5/78 HPs)
             Began as a Minotaur Berserker on Apr 4, 2017.
             Was a Priest of Trog.
             Killed by divine providence
             ... invoked by an orc priest
              (14 damage)
             ... on level 7 of the Dungeon on Apr 6, 2017.
             The game lasted 01:49:08 (9679 turns).

ri73 the Covered (Minotaur Berserker)               Turns: 9679, Time: 01:49:09

Health: -5/78      AC: 16    Str: 27    XL:     9   Next: 7%
Magic:  7/7        EV:  8    Int:  4    God:    Trog [***...]
Gold:   139        SH: 11    Dex: 13    Spells: 0 memorised, 8 levels left

rFire  . . .     SeeInvis +     L - -2 blowgun (curse)
rCold  . . .     Gourm    .     k - +3 plate armour
rNeg   . . .     Faith    .     j - +0 shield
rPois  .         Spirit   .     (helmet restricted)
rElec  .         Dismiss  .     (no cloak)
rCorr  .         Reflect  .     (no gloves)
SustAt .         Harm     .     (no boots)
MR     .....                    (no amulet)
Stlth  ..........               C - ring of see invisible
                                w - +5 ring of strength (curse)

@: lethally poisoned (-5 -> -5), not resistant to hostile enchantments,
extremely unstealthy
A: retaliatory headbutt, horns 2, low mp 1, evolution 1
a: Berserk, Trog's Hand, Burn Spellbooks, Renounce Religion


You were on level 7 of the Dungeon.
You worshipped Trog.
Trog was most pleased with you.
You were not hungry.

You visited 2 branches of the dungeon, and saw 8 of its levels.

You collected 289 gold pieces.
You spent 150 gold pieces at shops.

Inventory:

Hand Weapons
 b - a +0 hunting sling
 f - a +0 antimagic short sword
 y - a +0 dagger of draining
 B - a +0 mace of holy wrath
 H - a +2 whip of flaming
 L - a cursed -2 blowgun (weapon)
Missiles
 e - 141 stones
 g - 27 poisoned needles
 l - 10 needles of confusion (quivered)
 m - 19 sling bullets
 q - 14 javelins
 r - 10 bolts
 u - 69 arrows
 z - 4 tomahawks
Armour
 a - a +0 chain mail
 d - a +0 leather armour
 j - a +0 shield (worn)
 k - a +3 plate armour (worn)
 D - a +1 scale mail
Jewellery
 h - a +5 ring of dexterity
 i - an uncursed ring of ice
 s - an uncursed ring of sustain attributes
 w - a cursed +5 ring of strength (left hand)
 C - a ring of see invisible (right hand)
 E - a +3 ring of intelligence {unknown}
Scrolls
 p - a scroll of immolation
 F - a scroll of blinking
 I - 2 scrolls of identify
Potions
 n - a potion of mutation
 t - a potion of flight
 v - a potion of magic
 A - a potion of lignification
 G - a potion of brilliance {unknown}
 J - 2 potions of heal wounds {unknown}
Comestibles
 c - 2 bread rations
 o - 3 meat rations
 x - 3 fruits


   Skills:
 + Level 6.8 Fighting
 + Level 0.7 Short Blades
 + Level 5.1 Maces & Flails
 + Level 1.4(2.9) Slings
 + Level 3.6(3.7) Throwing
 + Level 7.3 Armour
 + Level 6.2 Dodging
 + Level 1.5 Stealth
 + Level 5.6 Shields


You had 8 spell levels left.
You didn't know any spells.

Dungeon Overview and Level Annotations

Branches:
Dungeon (7/15)             Temple (1/1) D:5

Altars:
Ashenzari
Dithmenos
Fedhas
Gozag
Pakellas
Ru
Sif Muna
Trog
Yredelemnul
Zin

Shops:
D:4 =   D:6 !

Annotations:
D:7 Prince Ribbit


Innate Abilities, Weirdness & Mutations

You reflexively headbutt those who attack you in melee.
You have a pair of horns on your head.
Your magical capacity is low (-10% MP).
You evolve.


Message History

The orc priest looks braver for a moment.
You hear a distant slurping noise.
You feel sick.
You feel sick.
You feel sick.
You feel the effects of Trog's Hand fading.
You hear a distant slurping noise.
You feel sick.
The orc priest invokes the aid of Beogh against you.
Beogh smites you!
* * * LOW HITPOINT WARNING * * *
Your skin stops crawling.
You feel less resistant to hostile enchantments.
You feel sick.
You feel sick.
You hear a distant slurping noise.
You hear a distant slurping noise.
The orc priest calls down the wrath of Beogh upon you.
Beogh smites you!
You die...

.....## #(#
.###########
#.#
....p.......
#.#
############K#
#.# #.# #.#
#.# #.# #p#
#.# #p# #.#
#.# #@# #(#
#.# ####.#
#.## #....#
#..# #.####
##.# #.# ##o##
#.# ###...##
#.# #...#..#
#.# #o#....#


You could see an orc priest.

Vanquished Creatures
  Pikel (D:6)
  A hungry ghost (D:7)
  An orc warrior (D:5)
  2 black bears
  3 slaves (D:7)
  2 sky beasts
  2 giant frogs
  The ghost of ri73 the Chopper, a weakling MiBe of Trog (D:3)
  2 scorpions
  2 crimson imps
  4 hounds (D:5)
  2 giant frog skeletons
  6 orc wizards
  A centaur skeleton (D:5)
  2 iguanas
  4 worker ants
  A hound skeleton (D:4)
  3 adders
  An ooze (D:4)
  3 worms
  A dart slug (D:1)
  2 giant geckos
  20 orcs
  2 bat zombies (D:5)
  4 giant cockroaches
  7 goblins
  5 hobgoblins
  17 jackals
  2 quokkas
  4 ball pythons
  7 bats
  6 giant newts
  8 kobolds
  7 rats
136 creatures vanquished.

Vanquished Creatures (others)
  4 fungi (D:7)
  2 plants (D:5)
6 creatures vanquished.

Grand Total: 142 creatures vanquished

Notes
Turn   | Place    | Note
--------------------------------------------------------------
     0 | D:1      | ri73 the Minotaur Berserker began the quest for the Orb.
     0 | D:1      | Reached XP level 1. HP: 19/19 MP: 0/0
   404 | D:1      | Reached XP level 2. HP: 23/27 MP: 1/1
  1227 | D:2      | Reached ** piety under Trog
  1264 | D:2      | Reached XP level 3. HP: 29/34 MP: 2/2
  1448 | D:2      | Gained mutation: You evolve. [potion of mutation]
  1448 | D:2      | Gained mutation: Your magical capacity is low (-10% MP). [potion of mutation]
  1852 | D:2      | Found a sacrificial altar of Ru.
  2370 | D:3      | Reached XP level 4. HP: 41/41 MP: 2/2
  2444 | D:3      | Noticed ri73's ghost (weakling MiBe)
  2733 | D:3      | Killed ri73's ghost
  2733 | D:3      | Reached skill level 1 in Stealth
  3006 | D:3      | Found an oddly glowing altar of Pakellas.
  3008 | D:3      | Found an opulent altar of Gozag.
  3065 | D:4      | Reached skill level 5 in Fighting
  3065 | D:4      | Reached skill level 1 in Throwing
  3065 | D:4      | Reached XP level 5. HP: 31/48 MP: 3/3
  3072 | D:5      | Entered Level 5 of the Dungeon
  3225 | D:4      | Reached *** piety under Trog
  3616 | D:4      | Found Poetoryutz's Jewellery Emporium.
  3618 | D:4      | Reached skill level 3 in Armour
  3618 | D:4      | Reached XP level 6. HP: 34/56 MP: 1/4
  3723 | D:4      | Reached skill level 1 in Shields
  4025 | D:4      | Reached skill level 1 in Slings
  4379 | D:4      | Bought an uncursed ring of see invisible for 150 gold pieces
  4438 | D:5      | Found a glowing silver altar of Zin.
  4504 | D:5      | Noticed an orc warrior
  4542 | D:5      | Killed an orc warrior
  4542 | D:5      | Reached skill level 5 in Dodging
  4542 | D:5      | Reached XP level 7. HP: 35/62 MP: 5/5
  5648 | D:5      | Reached skill level 5 in Maces & Flails
  6003 | D:5      | Reached skill level 4 in Armour
  6355 | D:5      | Found a staircase to the Ecumenical Temple.
  6429 | Temple   | Entered the Ecumenical Temple
  7518 | D:6      | Found Bosearhu's Distillery.
  7692 | D:6      | Reached XP level 8. HP: 47/70 MP: 6/6
  8026 | D:6      | Reached skill level 5 in Armour
  8348 | D:7      | Reached **** piety under Trog
  8420 | D:7      | Noticed Prince Ribbit
  8981 | D:7      | Reached skill level 6 in Armour
  9103 | D:7      | Noticed Pikel
  9367 | D:6      | Killed Pikel
  9367 | D:6      | Reached skill level 7 in Armour
  9367 | D:6      | Reached skill level 5 in Shields
  9367 | D:6      | Reached XP level 9. HP: 57/78 MP: 7/7
  9679 | D:7      | Killed from afar by an orc priest

Skill      XL: |  1  2  3  4  5  6  7  8 |
---------------+-------------------------+-----
Fighting       | 4 5 6 |  6.8
Maces & Flails | 4 5 |  5.1
Stealth        | 1 |  1.5
Throwing       | 1 2 3 |  3.6
Dodging        | 3 4 5 6 |  6.2
Armour         | 3 4 7 |  7.3
Shields        | 2 3 5 |  5.6
Slings         | 1 |  1.4
Short Blades   | |  0.7

Action                   |  1- 3 |  4- 6 |  7- 9 || total
-------------------------+-------+-------+-------++-------
Melee: Mace              |    85 |    68 |    34 ||   187
       Headbutt          |    15 |    20 |    70 ||   105
       Short sword       |       |    38 |       ||    38
       Blowgun           |       |       |   229 ||   229
 Fire: Hunting sling     |    12 |     4 |     3 ||    19
       Blowgun           |       |     1 |    37 ||    38
Throw: Stone             |    40 |     6 |       ||    46
       Tomahawk          |     2 |       |       ||     2
       Javelin           |       |       |     5 ||     5
Invok: Berserk           |       |     4 |       ||     4
       Trog's Hand       |       |       |     1 ||     1
  Use: Potion            |     5 |     1 |     6 ||    12
       Scroll            |     1 |     3 |     7 ||    11
 Stab: Sleeping          |     1 |       |       ||     1
  Eat: Chunk             |     5 |     3 |     2 ||    10
       Bread ration      |       |     1 |     3 ||     4
       Pizza             |       |     1 |       ||     1
       Beef jerky        |       |     1 |       ||     1
       Meat ration       |       |       |     2 ||     2
Armor: Leather armour    |    23 |    25 |       ||    48
       Scale mail        |       |     2 |    21 ||    23
       Plate armour      |       |       |   153 ||   153
Dodge: Dodged            |    54 |    68 |    98 ||   220
Block: Shield            |    15 |    62 |   170 ||   247
